 Dungeon Crawl Stone Soup version 0.18.1-50-g88ac8fd (webtiles) character file.

287 Gargoyl the Distorting Demonspawn (level 6, -2/48 HPs)
             Began as a Demonspawn Abyssal Knight on Oct 15, 2016.
             Was a Believer of Lugonu.
             Slain by Crazy Yiuf
             ... wielding a +2 quarterstaff of chaos
              (15 damage)
             ... on level 2 of the Dungeon.
             The game lasted 00:04:12 (2587 turns).

Gargoyl the Distorting Demonspawn (DsAK)            Turns: 2587, Time: 00:04:13

Health: -2/48      AC:  8    Str: 14    XL:     6   Next: 8%
Magic:  9/9        EV:  5    Int: 14    God:    Lugonu [**....]
Gold:   95         SH: 11    Dex: 12    Spells: 0 memorised, 5 levels left

rFire  . . .     SeeInvis .     a - +1 hand axe
rCold  . . .     Gourm    .     f - +0 scale mail
rNeg   . . .     Faith    .     b - +0 large shield
rPois  .         Spirit   .     (helmet restricted)
rElec  .         Dismiss  .     (no cloak)
rCorr  .         Reflect  .     e - +0 pair of gloves
SustAt .         Harm     .     (no boots)
MR     .....                    (no amulet)
Stlth  ..........               (no ring)
                                (no ring)

@: not resistant to hostile enchantments, extremely unstealthy
A: antennae 1, spiny 2, rot immunity
a: Depart the Abyss, Bend Space, Renounce Religion


You were on level 2 of the Dungeon.
You worshipped Lugonu.
Lugonu was pleased with you.
You were hungry.

You visited 1 branch of the dungeon, and saw 2 of its levels.
You visited the Abyss 1 time.

You collected 95 gold pieces.

Inventory:

Hand Weapons
 a - a +1 hand axe (weapon)
Missiles
 p - 8 poisoned javelins (quivered)
 r - 2 javelins of returning
Armour
 b - a +0 large shield (worn)
 e - a +0 pair of gloves (worn)
 f - a +0 scale mail (worn)
Wands
 o - a wand of flame (26/48)
Scrolls
 h - a scroll of enchant armour {unknown}
 j - a scroll of identify {unknown}
 k - a scroll of teleportation {unknown}
 l - a scroll of fog {unknown}
 q - a scroll of magic mapping {unknown}
Potions
 d - 2 potions of might {unknown}
 i - 3 potions of magic
 m - a potion of heal wounds {unknown}
 n - a potion of curing {unknown}
Comestibles
 c - a bread ration
 g - a beef jerky


   Skills:
 + Level 3.9 Fighting
 + Level 2.6 Axes
 * Level 3.3 Armour
 + Level 2.2 Dodging
 + Level 1.3 Shields
 * Level 4.0 Invocations


You had 5 spell levels left.
You didn't know any spells.

Dungeon Overview and Level Annotations

Branches:
Dungeon (2/15)

Altars:

Annotations:
D:2 Crazy Yiuf


Innate Abilities, Weirdness & Mutations

You have a pair of small antennae on your head.
You are mostly covered in sharp spines.
You are immune to rotting.


Message History

There isn't anything to butcher here.
Eat which item? (? for menu, Esc to quit)
Okay, then.
Found a mace.
Crazy Yiuf the Enlightened comes into view.
He is wielding a quarterstaff of chaos.
Crazy Yiuf moves out of view.
Crazy Yiuf drinks a potion.
Crazy Yiuf goes berserk!
Crazy Yiuf is struck by your spines. Crazy Yiuf closely misses you.
You closely miss Crazy Yiuf.
Crazy Yiuf is moderately wounded.
Crazy Yiuf hits you with a quarterstaff of chaos!
Crazy Yiuf freezes you. You block Crazy Yiuf's attack.
Crazy Yiuf hits you with a quarterstaff of chaos!!
* * * LOW HITPOINT WARNING * * *
Drink which item? (? for menu, Esc to quit)
Okay, then.
Drink which item? (? for menu, Esc to quit)
It was a potion of magic.
Magic courses through your body.
Crazy Yiuf hits you with a quarterstaff of chaos!
You die...

#........#
#....###.#
#....# #.#
♣....♣ #.#
♣♣...♣ #.#
♣♣.♣♣ #.#
♣♣.♣ #.#
♣.♣♣
#.######
♣♣@♣
#......#
♣g♣♣
##.###.#
#.# #.#
#.# #...#
#.# #.#
#...# #.#
#.######
#)..# #.#
#.......
##### ..#
#######.
### #. ###
#.


You could see Crazy Yiuf (berserk).

Vanquished Creatures
  Sigmund (D:2)
  Ijyb (D:2)
  5 adders (D:2)
  2 oozes (D:1)
  4 worms (D:2)
  A dart slug (D:1)
  A giant gecko (D:1)
  A giant cockroach (D:2)
  3 goblins (D:2)
  4 hobgoblins
  5 kobolds
  A quokka (D:2)
  4 bats
  5 giant newts
  6 rats
44 creatures vanquished.

Notes
Turn   | Place    | Note
--------------------------------------------------------------
     0 | Abyss:1  | Gargoyl the Demonspawn Abyssal Knight began the quest for the Orb.
     0 | Abyss:1  | Reached XP level 1. HP: 18/18 MP: 2/2
    34 | Abyss:1  | Noticed a raiju
    44 | D:1      | Escaped the Abyss
   354 | D:1      | Gained mutation: You are immune to rotting. [demonic ancestry]
   354 | D:1      | Reached XP level 2. HP: 16/24 MP: 3/3
   458 | D:1      | Reached * piety under Lugonu
  1221 | D:2      | Reached skill level 1 in Dodging
  1221 | D:2      | Reached XP level 3. HP: 28/29 MP: 3/5
  1232 | D:2      | Reached skill level 3 in Invocations
  1731 | D:2      | Gained mutation: You are partially covered in sharp spines. [demonic ancestry]
  1731 | D:2      | Reached XP level 4. HP: 31/35 MP: 6/6
  2075 | D:2      | Noticed Sigmund
  2083 | D:2      | Killed Sigmund
  2083 | D:2      | Reached ** piety under Lugonu
  2083 | D:2      | Reached skill level 1 in Shields
  2083 | D:2      | Reached skill level 4 in Invocations
  2083 | D:2      | Gained mutation: You have a pair of small antennae on your head. [demonic ancestry]
  2083 | D:2      | Reached XP level 5. HP: 31/42 MP: 6/8
  2520 | D:2      | Noticed Ijyb
  2530 | D:2      | Killed Ijyb
  2530 | D:2      | Gained mutation: You are mostly covered in sharp spines. [demonic ancestry]
  2530 | D:2      | Reached XP level 6. HP: 42/48 MP: 9/9
  2580 | D:2      | Noticed Crazy Yiuf
  2587 | D:2      | Slain by Crazy Yiuf

Skill      XL: |  1  2  3  4 |
---------------+-------------+-----
Armour         | 2 3 |  3.3
Axes           | 2 |  2.6
Dodging        | 1 2 |  2.2
Invocations    | 3 4 |  4.0
Shields        | 1 |  1.3
Fighting       | |  3.9

Action                   |  1- 3 |  4- 6 || total
-------------------------+-------+-------++-------
Melee: Hand axe          |   119 |    59 ||   178
Invok: Depart the Abyss  |     1 |       ||     1
  Use: Potion            |       |     1 ||     1
  Eat: Chunk             |     3 |     2 ||     5
Armor: Scale mail        |    59 |    13 ||    72
       Ring mail         |     1 |       ||     1
Dodge: Dodged            |    26 |     5 ||    31
Block: Large shield      |    63 |    33 ||    96
